 Dungeon Crawl Stone Soup version 0.21.1-1-g345015f (webtiles) character file.

283 wotfoxis the Chopper (level 6, 0/53 HPs)
             Began as a Hill Orc Chaos Knight on Feb 19, 2018.
             Slain by an orc
             ... wielding a +0 flail
              (7 damage)
             ... on level 7 of the Dungeon.
             The game lasted 00:14:48 (2179 turns).

wotfoxis the Chopper (Hill Orc Chaos Knight)        Turns: 2179, Time: 00:14:51

Health: 0/53       AC:  6    Str: 15    XL:     6   Next: 28%
Magic:  6/6        EV: 12    Int: 14    God:    Xom [....*.]
Gold:   85         SH:  0    Dex: 12    Spells: 3/5 levels left

rFire    . . .     SeeInvis +   a - +0 hand axe (chaos)
rCold    . . .     Gourm    .   (no shield)
rNeg     . . .     Faith    .   b - +3 leather armour
rPois    .         Spirit   .   (helmet restricted)
rElec    .         Reflect  .   (no cloak)
rCorr    .         Harm     .   (no gloves)
MR       .....                  (no boots)
Stlth    +.........             (no amulet)
HPRegen  0.17/turn              (no ring)
MPRegen  0.10/turn              (no ring)

@: no status effects
A: horns 1, see invisible, agile 1
a: Renounce Religion, Convert to Beogh


You were on level 7 of the Dungeon.
You worshipped Xom.
You were a beloved toy of Xom.
You were not hungry.

You visited 1 branch of the dungeon, and saw 6 of its levels.

You collected 85 gold pieces.

Inventory:

Hand Weapons
 a - a +0 hand axe of chaos (weapon)
Armour
 b - a +3 leather armour (worn)
 i - a +0 leather armour
Scrolls
 d - 2 scrolls of enchant armour
 e - 3 scrolls of identify
 g - a scroll of remove curse
 j - a scroll of enchant weapon {unknown}
Potions
 f - a potion of curing
Books
 h - a book of Minor Magic

   Spells                             Type                      Level
   a - Magic Dart                     Conjuration                  1
   b - Blink                          Translocation                2
   c - Call Imp                       Summoning                    2
   d - Slow                           Hexes                        2
   e - Conjure Flame                  Conjuration/Fire             3
   f - Mephitic Cloud                 Conjuration/Poison/Air       3
Comestibles
 c - 2 rations


   Skills:
 + Level 4.7 Fighting
 + Level 6.4 Axes
 + Level 3.3 Armour
 + Level 2.3 Dodging
 + Level 0.4 Stealth
 + Level 0.3 Spellcasting
 + Level 0.2 Translocations


You had 3 spell levels left.
You knew the following spells:

 Your Spells              Type           Power        Failure   Level  Hunger
a - Blink                 Tloc           N/A          43%         2    ###....


Dungeon Overview and Level Annotations

Branches:
Dungeon (8/15)             Temple (0/1) D:4
   Lair: D:8-11

Altars:
Dithmenos


Innate Abilities, Weirdness & Mutations

You have a pair of small horns on your head.
You have supernaturally acute eyesight. (SInv)
You are agile. (Dex +2)


Message History

The ooze is almost dead.
The ooze hits you.
* * * LOW HITPOINT WARNING * * *
You hit the ooze.
You kill the ooze!
An orc comes into view. It is wielding a flail.
The orc shouts!
An orc comes into view. It is wielding a flail.
An orc priest comes into view. It is wielding a hand axe.
The orc shouts!
You hear a shout!
The orc barely misses you.
You barely miss the orc. The orc misses you.
The orc priest threatens, "By the altar or by the axe, you will meet Beogh!"
You hit the orc.
The orc is poisoned.
The orc is heavily wounded.
The orc priest calls down the wrath of Beogh upon you.
Beogh smites you!
* * * LOW HITPOINT WARNING * * *
The orc hits you with a flail!
You die...

#+# ###### #.#
......###.##
#....oo....####
#...#@......# #
#.(...#.#
#....## #
#....##.###
#..........
#.###...###.###
............#
#######.#####
#.# ##


You could see an orc priest and an orc.

Vanquished Creatures
  A quasit (D:7)
  3 orc priests (D:8)
  3 gnolls (D:3)
  2 adders
  An ooze (D:7)
  A worm (D:3)
  4 leopard geckos
  2 orcs (D:8)
  6 giant cockroaches
  8 goblins
  3 hobgoblins
  8 jackals
  5 kobolds
  A quokka (D:3)
  A ball python (D:3)
  3 bats
  3 frilled lizards
  5 rats
60 creatures vanquished.

Vanquished Creatures (collateral kills)
  An ogre (D:7)
  An adder (D:7)
2 creatures vanquished.

Vanquished Creatures (others)
  A kobold (D:2)
1 creature vanquished.

Grand Total: 63 creatures vanquished

Notes
Turn   | Place    | Note
-------+----------+-------------------------------------------
     0 | D:1      | wotfoxis the Hill Orc Chaos Knight began the quest for the Orb.
     0 | D:1      | Reached XP level 1. HP: 19/19 MP: 1/1
   232 | D:1      | Reached XP level 2. HP: 27/27 MP: 2/2
   385 | D:1      | XOM: divination: detect items
   552 | D:2      | XOM: blink monster(s)
   553 | D:2      | Reached XP level 3. HP: 33/33 MP: 3/3
   574 | D:2      | Reached skill level 5 in Axes
   574 | D:2      | Reached skill level 1 in Dodging
  1035 | D:3      | Reached XP level 4. HP: 34/40 MP: 4/4
  1046 | D:3      | XOM: harmless Erth miscast
  1057 | D:3      | HP: 1/41 [gnoll/spear (5)]
  1289 | D:2      | XOM: cloud trail
  1324 | D:2      | XOM: medium Pois miscast
  1443 | D:3      | XOM: potion effect (brilliance)
  1491 | D:3      | Found a shadowy altar of Dithmenos.
  1623 | D:4      | Noticed a phantom
  1857 | D:3      | XOM: cloud trail
  1964 | D:4      | Learned a level 2 spell: Blink
  1971 | D:4      | Found a staircase to the Ecumenical Temple.
  1981 | D:4      | You fall through a shaft for 3 floors!
  1981 | D:7      | Noticed a necrophage
  1988 | D:7      | XOM: 1-stop teleportation journey
  1999 | D:7      | Noticed a black bear
  2021 | D:7      | XOM: scenery: 2 doors open
  2023 | D:7      | Reached XP level 5. HP: 19/46 MP: 3/5
  2027 | D:7      | Noticed an ogre
  2027 | D:7      | a black bear changed into an ogre
  2027 | D:7      | XOM: polymorph black bear -> ogre
  2031 | D:7      | XOM: summons 3 friendly demons
  2038 | D:7      | Killed an ogre
  2104 | D:8      | Reached skill level 6 in Axes
  2107 | D:8      | XOM: potion effect (heal wounds)
  2111 | D:8      | Reached XP level 6. HP: 32/53 MP: 4/6
  2116 | D:8      | Noticed a sky beast
  2126 | D:8      | a sky beast changed into a worker ant
  2126 | D:8      | XOM: polymorph sky beast -> worker ant
  2148 | D:7      | XOM: give mutations
  2148 | D:7      | Gained mutation: You are agile. (Dex +2) [Xom's grace]
  2148 | D:7      | Gained mutation: You have a pair of small horns on your head. [Xom's grace]
  2148 | D:7      | Gained mutation: You have supernaturally acute eyesight. (SInv) [Xom's grace]
  2152 | D:7      | XOM: polymorph worker ant -> ooze
  2179 | D:7      | Slain by an orc

Skill      XL: |  1  2  3  4  5 |
---------------+----------------+-----
Fighting       | 4 |  4.7
Axes           | 5 6 |  6.4
Dodging        | 1 2 |  2.3
Armour         | 3 |  3.3
Stealth        | |  0.4
Spellcasting   | |  0.3
Translocations | |  0.2

Action                   |  1- 3 |  4- 6 || total
-------------------------+-------+-------++-------
Melee: Hand axe          |    88 |    99 ||   187
       Headbutt          |       |     1 ||     1
 Cast: Blink             |       |     1 ||     1
  Use: Scroll            |     3 |     6 ||     9
       Potion            |     2 |     2 ||     4
 Stab: Petrifying        |     1 |       ||     1
       Petrified         |     1 |       ||     1
  Eat: Ration            |       |     2 ||     2
Armor: Leather armour    |    40 |    82 ||   122
       Scale mail        |     6 |       ||     6
       Skin              |    36 |       ||    36
Dodge: Dodged            |    77 |   100 ||   177
